 Dungeon Crawl Stone Soup version 0.14.0-25-g43f8a4e (console) character file.

177 Garrluk the Slasher (level 4, 0/35 HPs)
             Began as a Formicid Fighter on Apr 24, 2014.
             Slain by a gnoll
             ... wielding a cursed +0,-2 flail
              (11 damage)
             ... on Level 2 of the Dungeon.
             The game lasted 00:04:13 (1112 turns).

Garrluk the Slasher (Formicid Fighter)              Turns: 1112, Time: 00:04:13

HP   0/35        AC  8     Str 20      XL: 4   Next: 58%
MP   5/5         EV  7     Int  8      God:
Gold 100         SH 19     Dex 11      Spells:  0 memorised,  3 levels left

rFire  . . .     SeeInvis +     a - +0 long sword
rCold  . . .     Clarity  .     b - +0 scale mail
rNeg   . . .     Conserve .     c - +0 shield
rPois  .         rCorr    .     (helmet unavailable)
rElec  .         rRot     .     (no cloak)
SustAb . .       Spirit   .     (no gloves)
rMut   .         Warding  .     n - +0 pair of boots (curse)
Saprov . . .     Stasis   +     (no amulet)
MR     .....                    (no ring)
                                m - ring of sustenance {unknown}

@: not resistant to hostile enchantments, extremely unstealthy
A: permanent stasis, dig shafts and tunnels, four strong arms, antennae 3
a: Dig, Shaft Self


You were on level 2 of the Dungeon.
You were not hungry.

You visited 1 branch of the dungeon, and saw 2 of its levels.

You collected 100 gold pieces.

Inventory:

Hand weapons
 a - a +0,+0 long sword (weapon)
Missiles
 h - 6 darts (quivered)
 k - 22 stones
Armour
 b - a +0 scale mail (worn)
 c - a +0 shield (worn)
 n - a cursed +0 pair of boots (worn)
Comestibles
 d - 2 bread rations
 i - a pear
 s - a chunk of goblin flesh
 u - a meat ration
 w - a rotting chunk of adder flesh
 x - a rotting chunk of ball python flesh
Scrolls
 o - 2 scrolls of noise {unknown}
 q - a scroll of enchant armour {unknown}
 t - a scroll of remove curse {unknown}
 y - a scroll of identify {unknown}
Jewellery
 l - an uncursed amulet of conservation {unknown}
 m - a ring of sustenance (left hand) {unknown}
Potions
 e - a potion of might
 f - 3 potions of curing {unknown}
 g - 3 potions of heal wounds {unknown}
 j - a potion of restore abilities {unknown}
 p - a potion of confusion {unknown}
 r - a potion of lignification {unknown}
 v - a potion of poison {unknown}
 z - 2 potions of brilliance {unknown}


   Skills:
 - Level 3.2 Fighting
 * Level 3.8 Long Blades
 + Level 1.5 Throwing
 - Level 3.2 Armour
 - Level 3.6 Shields


You had 3 spell levels left.
You didn't know any spells.

Dungeon Overview and Level Annotations

Branches:
Dungeon (2/15)

Altars:
Vehumet


Innate Abilities, Weirdness & Mutations

Your are under a permanent stasis effect.
You can dig through walls and to a lower floor.
Your four strong arms can wield two-handed weapons with a shield.
You have a pair of large antennae on your head (SInv).


Message History

You smell decay.
Yuck! (slot x) Use which ability? (? or * to list)
You extend your mandibles.
You dig through the rock wall.
You dig through the rock wall.
You dig through the rock wall.
You dig through the rock wall.
You retract your mandibles.
You hit the gnoll.
The gnoll is severely wounded.
You block the gnoll's attack.
You closely miss the gnoll.
The gnoll is severely wounded.
The gnoll barely misses you.
You hit the gnoll but do no damage.
The gnoll is severely wounded.
The gnoll closely misses you.
You hit the gnoll but do no damage.
The gnoll is severely wounded.
The gnoll closely misses you. The gnoll hits you with a flail!
You die...

#.# #.# #.# #.# #.# #.# #.# #.#
############ #.# ####..........#
#.# ##g##..........# #.#
#@#{#..........# #.#
####g..........# . . #.#
##..........# ...##.#
#..........# ...##.#
#######..........### ...##.#
#................#.. ...##.#
#................#.. ...##'##
#................#.. .......#
#)......#####.###.%. .......#
#.......# ##.#.#..
.......#######.......#######)##.<


You could see a gnoll.

Vanquished Creatures
  A gnoll (D:2)
  2 adders (D:2)
  2 giant geckos
  An ooze (D:2)
  A ball python (D:2)
  5 bats
  4 giant cockroaches (D:1)
  3 goblins
  5 hobgoblins
  3 jackals (D:1)
  6 kobolds
  A quokka (D:2)
  2 giant newts (D:1)
  7 rats
43 creatures vanquished.

Notes
Turn   | Place    | Note
--------------------------------------------------------------
     0 | D:1      | Garrluk, the Formicid Fighter, began the quest for the Orb.
     0 | D:1      | Reached XP level 1. HP: 18/18 MP: 1/1
    53 | D:1      | Reached XP level 2. HP: 12/24 MP: 3/3
   296 | D:1      | Reached XP level 3. HP: 21/29 MP: 4/4
   371 | D:1      | Found a radiant altar of Vehumet.
   406 | D:1      | Reached skill level 1 in Throwing
   786 | D:2      | Reached XP level 4. HP: 35/35 MP: 5/5
  1112 | D:2      | Slain by a gnoll

Action                   |  1- 3 |  4- 6 || total
-------------------------+-------+-------++-------
Melee: Long sword        |   115 |    40 ||   155
Throw: Dart              |     4 |     3 ||     7
 Abil: Dig               |     1 |     3 ||     4
